 Dungeon Crawl Stone Soup version 0.27-a0-906-g0a00ce863d (webtiles) character file.

Game seed: 14115976449680317781

41 Lanoc the Insei (level 3, -2/26 HPs)
             Began as a Demonspawn Transmuter on Apr 6, 2021.
             Was a Follower of Ru.
             Slain by a hobgoblin (6 damage)
             ... led by Robin
             ... on level 2 of the Dungeon.
             The game lasted 00:03:10 (1879 turns).

Lanoc the Insei (Demonspawn Transmuter)             Turns: 1879, Time: 00:03:10

Health: -2/26      AC:  2    Str: 10    XL:     3   Next: 32%
Magic:  6/6        EV: 12    Int: 15    God:    Ru [*.....]
Gold:   76         SH:  0    Dex: 13    Spells: 3/6 levels left

rFire    . . .     SeeInvis .     - Unarmed
rCold    . . .     Faith    .   (no shield)
rNeg     . . .     Spirit   .   a - +0 robe
rPois    .         Reflect  .   (helmet restricted)
rElec    .         Harm     .   (no cloak)
rCorr    .         Rampage  .   (no gloves)
Will     .....                  (no boots)
Stlth    +.........             f - amulet of the acrobat
HPRegen  0.08/turn              (no ring)
MPRegen  0.10/turn              (no ring)

@: wereblooded (expiring)
A: hooves 1, horns 1, hated by all
a: Renounce Religion


You were on level 2 of the Dungeon.
You worshipped Ru.
Ru was aware of your devotion.
You visited 1 branch of the dungeon, and saw 2 of its levels.

You collected 76 gold pieces.

Inventory:

Missiles
 c - 8 atropa-tipped darts
Armour
 a - a +0 robe (worn)
Jewellery
 f - an amulet of the acrobat (around neck)
Scrolls
 d - 2 scrolls of magic mapping {unknown}
 g - a scroll of blinking {unknown}
 h - a scroll of identify {unknown}
Potions
 b - a potion of cancellation {unknown}
 e - a potion of attraction {unknown}


   Skills:
 + Level 1.6 Fighting
 + Level 2.1 Dodging
 * Level 3.3 Unarmed Combat
 - Level 2.0 Spellcasting
 + Level 2.1 Transmutations


You had 3 spell levels left.
You knew the following spells:

 Your Spells              Type           Power      Damage    Failure   Level
g - Wereblood             Tmut           8%         N/A       14%         2
h - Beastly Appendage     Tmut           16%        N/A       9%          1

Your spell library contained the following spells:

 Spells                   Type           Power      Damage    Failure   Level
 Spider Form              Tmut/Pois      2%         N/A       38%         3
 Ice Form                 Ice/Tmut       4%         N/A       80%         4
 Hydra Form               Tmut           4%         N/A       94%         5


Dungeon Overview and Level Annotations

Branches:
Dungeon (2/15)

Altars:
Ru

Annotations:
D:2 Robin


Innate Abilities, Weirdness & Mutations

You have large cloven feet.
You have a pair of small horns on your head.
You are hated by all.


Message History

You barely miss the goblin.
A hobgoblin comes into view.
You closely miss the goblin. You kick the goblin.
You kill the goblin!
Robin hits you with a +0 club.
You hit the hobgoblin.
The hobgoblin is severely wounded.
The hobgoblin closely misses you.
You hit the hobgoblin.
You kill the hobgoblin!
Robin hits you with a +0 club.
A goblin comes into view. It is wielding a +0 dagger.
The endoplasm freezes you.
You are frozen.
* * * LOW HITPOINT WARNING * * *
Items here: )) ††.
You hit the endoplasm. You headbutt the endoplasm.
You kill the endoplasm!
Robin says, "Kneel, worm!"
You hit Robin but do no damage. You kick Robin.
Robin is lightly wounded.
Robin hits you with a +0 club.
* * * LOW HITPOINT WARNING * * *
The hobgoblin closely misses you.
The hobgoblin no longer looks unusually strong.
Robin roars a battlecry!
The hobgoblin goes into a battle-frenzy!
A goblin comes into view. It is wielding a +0 dagger.
Your primal bloodlust is almost over.
You punch the hobgoblin!
You kill the hobgoblin!
Robin says, "Bow before me, strongest of all the hobgoblins!"
Robin throws the goblin at you!
You hit the goblin. You headbutt the goblin.
You kill the goblin!
You howl as the wereblood boils in your veins!
Robin roars a battlecry!
The goblin goes into a battle-frenzy!
The hobgoblin hits you.
You die...

#†####......# #?...#
#.....†.....# ###....#
##..........# #.....)##.##
#..........###.....g).g.#
##.................g###...#
.................[..# ..#
.......####......g..# #
.....)## #....##g#.#
......# #.....@...# ......#
#.....)...# ......#
#.#.......# ......#
#.#.......##
......#####.#........#
.........##.##.......#
###......##.##.......#
#......##.##.......#
#......##.###......#


You could see Robin, a hobgoblin (strong) and 2 goblins.

Vanquished Creatures
  4 ball pythons (D:1)
  4 endoplasms
  4 giant cockroaches
  8 goblins
  6 hobgoblins
  2 quokkas
  3 bats (D:1)
  2 frilled lizards (D:1)
  3 kobolds
36 creatures vanquished.

Notes
Turn   | Place    | Note
-------+----------+-------------------------------------------
     0 | D:1      | Lanoc the Demonspawn Transmuter began the quest for the
                  | Orb.
     0 | D:1      | Reached XP level 1. HP: 15/15 MP: 3/3
   556 | D:1      | Lost mutation: You have razor-sharp toenails. [demonic
                  | ancestry]
   556 | D:1      | Lost mutation: You have sharp toenails. [demonic ancestry]
   556 | D:1      | Gained mutation: You have large cloven feet. [demonic
                  | ancestry]
   556 | D:1      | Reached XP level 2. HP: 21/21 MP: 3/5
   674 | D:1      | Reached skill level 3 in Unarmed Combat
  1245 | D:1      | Found a faded altar of an unknown god.
  1248 | D:1      | Became a worshipper of Ru the Awakened
  1249 | D:1      | Gained mutation: You are hated by all. [Ru sacrifice]
  1249 | D:1      | Reached * piety under Ru
  1514 | D:2      | Learned a level 2 spell: Wereblood
  1624 | D:2      | Mutation became permanent: You have a pair of small horns
                  | on your head. [demonic ancestry]
  1624 | D:2      | Gained mutation: You have a pair of horns on your head.
                  | [demonic ancestry]
  1624 | D:2      | Reached XP level 3. HP: 15/26 MP: 2/6
  1859 | D:2      | Noticed Robin
  1879 | D:2      | Slain by a hobgoblin

Illustrated notes

Levels and vault maps discovered:
D:1:      dpeg_arrival_solitude, layout_loops_ring, basic_ecumenical_altar
D:2:      layout_basic, uniq_robin

Skill      XL: |  1  2 |
---------------+-------+-----
Dodging        | 2 |  2.1
Unarmed Combat | 3 |  3.3
Transmutations | 2 |  2.1
Fighting       | |  1.6
Spellcasting   | |  2.0

Action                   || total
-------------------------++-------
Melee: Unarmed           ||    67
       Kick              ||    13
       Headbutt          ||    13
       Punch             ||     1
 Cast: Beastly Appendage ||    17
       Wereblood         ||     4
Invok: Sacrifice Love    ||     1
 Stab: Sleeping          ||     1
Armor: Robe              ||     6
Dodge: Dodged            ||    27

Table legend: (Time is in decaauts)
 A = Elapsed time spent in this place.
 B = Non-inter-level travel time spent in this place.
 C = Inter-level travel time spent in this place.
 D = Time resting spent in this place.
 E = Time spent auto-exploring this place.
 F = Levels seen in this place.
 G = Mean time per level.
                   A        B        C        D        E       F      G
               +--------+--------+--------+--------+--------+-----+--------+
         Total |   1874 |   1821 |     53 |    218 |   1432 |   2 |  937.0 |
       Dungeon |   1874 |   1821 |     53 |    218 |   1432 |   2 |  937.0 |
               +--------+--------+--------+--------+--------+-----+--------+

Top non-repeatable levels by time:
     D:1: 1401 daAuts
     D:2: 472 daAuts
